Quebec Nordiques vs Arizona Coyotes
Created - Thursday, November 13, 2025 at 09:07
Goals
|
| Quebec Nordiques |
0 |
0 |
3 |
3 |
| Arizona Coyotes |
2 |
0 |
0 |
2 |
|
Shots
|
| Quebec Nordiques |
10 |
6 |
9 |
25 |
| Arizona Coyotes |
17 |
4 |
18 |
39 |
|
1st period
1. Arizona Coyotes , Aliaksei Protas 20 (Jared Spurgeon 30, Ryan Donato 40) at 10:46
2. Arizona Coyotes , Mats Zuccarello 28 (Tyler Seguin 49, Mason McTavish 30) at 11:02
Penalties :
No Penalty
2nd period
No Goal
Penalties :
No Penalty
3rd period
3. Quebec Nordiques , Alex DeBrincat 38 (Matt Duchene 34) at 2:59 (PP)
4. Quebec Nordiques , Nikolaj Ehlers 25 (Marco Rossi 36) at 3:23
5. Quebec Nordiques , Alex DeBrincat 39 (Connor McDavid 68, Alex Vlasic 22) at 12:04
Penalties :
Radko Gudas (AZC) for Holding (Minor) at 2:57, Radko Gudas (AZC) for Hooking (Minor) at 3:47, Marco Rossi (QUE) for High sticking (Minor) at 12:52
Goalie Stats
Joseph Woll (QUE), 37 saves from 39 shots - (0.949), W, 42-17-1, 60:00 minutes
Elvis Merzlikins (AZC), 22 saves from 25 shots - (0.880), L, 30-23-6, 58:30 minutes
Players Stats for Quebec Nordiques
Player Name G A P +/- PIM S H SB GA TA FO MP PP MP PK MP
------------------------------------------------------------------------------------
Alex DeBrincat 2 0 2 0 0 2 1 0 0 0 0/0 17:46 1:09 0:00
Alex Vlasic 0 1 1 0 0 0 0 3 1 2 0/0 25:26 0:36 1:14
Alexandre Carrier 0 0 0 0 0 0 1 1 1 0 0/0 14:57 0:00 0:45
Brock Faber 0 0 0 0 0 2 3 0 1 2 0/0 20:12 0:00 0:00
Connor McDavid 0 1 1 0 0 1 2 0 1 1 3/11 18:15 1:25 0:13
Frederick Gaudreau 0 0 0 0 0 1 1 0 1 0 0/0 10:11 0:00 1:06
Jake Middleton 0 0 0 0 0 1 1 0 0 0 0/0 14:57 0:00 0:45
Marco Rossi 0 1 1 1 2 0 1 0 0 0 7/14 14:41 0:00 0:00
Matt Duchene 0 1 1 0 0 2 3 1 1 0 1/3 18:39 1:09 0:31
Matthew Knies 0 0 0 1 0 3 3 0 0 1 0/1 16:21 0:52 0:47
Michael Anderson 0 0 0 0 0 0 0 1 0 0 0/0 20:12 0:00 1:14
Michael McCarron 0 0 0 0 0 0 3 0 0 0 0/0 9:20 0:00 0:15
Nikolaj Ehlers 1 0 1 1 0 2 0 0 2 0 2/3 15:12 0:52 0:00
Patrick Kane 0 0 0 -1 0 2 0 0 0 2 0/0 16:23 0:36 0:00
Rickard Rakell 0 0 0 -1 0 1 1 0 0 2 1/2 16:45 1:09 0:00
Shane Pinto 0 0 0 0 0 0 3 0 0 0 6/8 10:11 0:00 1:06
Steven Stamkos 0 0 0 -1 0 8 1 0 0 0 6/13 16:28 0:52 0:00
Thomas Harley 0 0 0 0 0 0 3 3 0 1 0/0 22:04 1:25 0:00
Players Stats for Arizona Coyotes
Player Name G A P +/- PIM S H SB GA TA FO MP PP MP PK MP
------------------------------------------------------------------------------------
Aliaksei Protas 1 0 1 1 0 4 0 0 1 0 5/7 15:29 0:45 0:56
Anthony DeAngelo 0 0 0 0 0 0 0 2 0 0 0/0 21:13 1:20 0:48
Brayden McNabb 0 0 0 1 0 1 2 4 0 1 0/0 24:41 1:20 1:25
Brock McGinn 0 0 0 0 0 0 2 0 1 0 0/0 11:41 0:00 0:00
Charlie Coyle 0 0 0 0 0 1 2 1 0 0 7/17 17:29 0:45 0:00
Erik Haula 0 0 0 0 0 3 1 0 3 0 1/3 12:20 0:00 0:59
Jani Hakanpaa 0 0 0 0 0 0 0 0 0 0 0/0 0:18 0:00 0:00
Jared Spurgeon 0 1 1 1 0 0 0 1 0 0 0/0 9:33 0:00 0:00
Johnathan Kovacevic 0 0 0 -1 0 1 0 3 0 0 0/0 26:18 0:39 1:21
Kiefer Sherwood 0 0 0 0 0 5 1 0 1 2 0/1 15:49 0:00 0:06
Mason McTavish 0 1 1 -1 0 2 1 0 0 0 14/24 20:08 1:14 0:59
Mats Zuccarello 1 0 1 -1 0 9 0 1 2 2 0/0 18:27 1:14 0:00
Ondrej Palat 0 0 0 0 0 0 1 0 1 0 0/0 11:12 0:00 0:00
Radko Gudas 0 0 0 -1 4 3 4 3 1 2 0/0 30:21 0:39 0:00
Ross Colton 0 0 0 1 0 1 0 0 0 0 0/0 12:23 0:00 0:00
Ryan Donato 0 1 1 1 0 2 2 0 0 1 0/1 15:53 0:45 0:31
Tyler Bertuzzi 0 0 0 0 0 0 0 0 0 0 0/0 14:21 0:00 0:00
Tyler Seguin 0 1 1 -1 0 7 2 0 1 0 2/2 20:21 1:14 0:59
3 Stars
1 - Alex DeBrincat (QUE)
2 - Joseph Woll (QUE)
3 - Nikolaj Ehlers (QUE)
Power Play
Quebec Nordiques - 1 on 2 Attempt(s) - 50.00%
Arizona Coyotes - 0 on 1 Attempt(s) - 0.00%
Penalty Kill
Quebec Nordiques - 1 on 1 Attempt(s) - 100.00%
- Score 0 goal in Penalty Kill
Arizona Coyotes - 1 on 2 Attempt(s) - 50.00%
- Score 0 goal in Penalty Kill
Team Stat
Quebec Nordiques - Hits : 27 - Faceoff Wins : 26 - Blocked Shots : 9 - Penalty Minutes : 2
Arizona Coyotes - Hits : 18 - Faceoff Wins : 29 - Blocked Shots : 15 - Penalty Minutes : 4
Official
Referees : Tj Luxmore and Morgan Macphee
Linesman : CJ Murray and Dan Kelly
Game Notes
Jani Hakanpaa is injured at 3:29 of 1st period (Sprained Left Finger)
Jared Spurgeon is injured at 5:11 of 2nd period (Right Knee)
3:23 of 3rd period - Quebec Nordiques goal is going for a video replay. After video review, Goal.
Finance
Level 1 -- Attendance: 6000 (100.00%) -- Ticket Income $540,000
Level 2 -- Attendance: 4608 (92.16%) -- Ticket Income $230,400
Level 3 -- Attendance: 3000 (100.00%) -- Ticket Income $84,000
Level 4 -- Attendance: 4459 (89.18%) -- Ticket Income $89,180
Luxury Box -- Attendance: 1000 (100.00%) -- Ticket Income $190,000
Game was played at the Gila River Arena.
Total Attendance: 19067 (95.34%)
Total Ticket Income: $1,133,580
Other Income: $396,753
Total Income: $1,530,333
Quebec Nordiques
5 vs 5 Forward
Center Left Wing Right Wing Time % Phy DF OF
1 Connor McDavid Alex DeBrincat Matt Duchene 32 1 1 3
2 Steven Stamkos Patrick Kane Rickard Rakell 30 1 1 3
3 Marco Rossi Matthew Knies Nikolaj Ehlers 28 1 1 3
4 Shane Pinto Frederick Gaudreau Michael McCarron 10 1 3 1
5 vs 5 Defense
Defense Defense Time % Phy DF OF
1 Alex Vlasic Brock Faber 36 1 2 2
2 Thomas Harley Michael Anderson 34 1 2 2
3 Jake Middleton Alexandre Carrier 25 1 2 2
4 Alex Vlasic Thomas Harley 5 1 2 2
PowerPlay Forward
Center Left Wing Right Wing Time % Phy DF OF
1 Matt Duchene Alex DeBrincat Rickard Rakell 60 1 0 4
2 Steven Stamkos Matthew Knies Nikolaj Ehlers 40 1 0 4
PowerPlay Defense
Defense Defense Time % Phy DF OF
1 Connor McDavid Thomas Harley 60 1 1 3
2 Patrick Kane Alex Vlasic 40 1 1 3
Penalty Kill 4 Players Forward
Center Wing Time % Phy DF OF
1 Shane Pinto Frederick Gaudreau 60 2 3 0
2 Michael McCarron Matthew Knies 40 2 3 0
Penalty Kill 4 Players Defense
Defense Defense Time % Phy DF OF
1 Alex Vlasic Michael Anderson 60 2 3 0
2 Alexandre Carrier Jake Middleton 40 2 3 0
Penalty Kill - 3 Players Forward
Forward Time % Phy DF OF
1 Shane Pinto 60 2 3 0
2 Michael McCarron 40 2 3 0
Penalty Kill - 3 Players Defense
Defense Defense Time % Phy DF OF
1 Alex Vlasic Michael Anderson 60 2 3 0
2 Alexandre Carrier Jake Middleton 40 1 3 0
4 vs 4 Forward
Center Wing Time % Phy DF OF
1 Connor McDavid Alex DeBrincat 60 1 1 3
2 Matt Duchene Rickard Rakell 40 1 1 3
4 vs 4 Defense
Defense Defense Time % Phy DF OF
1 Alex Vlasic Brock Faber 60 1 2 2
2 Thomas Harley Michael Anderson 40 1 2 2
Last Minutes Offensive
Center Left Wing Right Wing Defense Defense
Connor McDavid Matt Duchene Alex DeBrincat Thomas Harley Brock Faber
Last Minutes Defensive
Center Left Wing Right Wing Defense Defense
Shane Pinto Frederick Gaudreau Michael McCarron Alex Vlasic Michael Anderson
Goaltenders
Starting : Joseph Woll
Backup : Lukas Dostal
Extra Forwards
Normal : Marco Rossi, Patrick Kane, Nikolaj Ehlers - PP : Marco Rossi, Shane Pinto - PK : Matt Duchene
Extra Defensemen
Normal : Alex Vlasic, Jake Middleton, Alexandre Carrier - PP : Alexandre Carrier - PK : Brock Faber, Thomas Harley
Penalty Shots
Alex DeBrincat, Connor McDavid, Matt Duchene, Patrick Kane, Rickard Rakell
Scratches
Connor Brown (Healthy)
Arizona Coyotes
5 vs 5 Forward
Center Left Wing Right Wing Time % Phy DF OF
1 Mason McTavish Mats Zuccarello Tyler Seguin 34 0 3 2
2 Charlie Coyle Kiefer Sherwood Tyler Bertuzzi 28 1 2 2
3 Aliaksei Protas Ryan Donato Ross Colton 25 1 2 2
4 Erik Haula Brock McGinn Ondrej Palat 13 1 2 2
5 vs 5 Defense
Defense Defense Time % Phy DF OF
1 Radko Gudas Johnathan Kovacevic 43 1 3 1
2 Brayden McNabb Jared Spurgeon 37 1 3 1
3 Anthony DeAngelo Jani Hakanpaa 20 1 3 1
4 Radko Gudas Johnathan Kovacevic 0 1 2 2
PowerPlay Forward
Center Left Wing Right Wing Time % Phy DF OF
1 Mason McTavish Mats Zuccarello Tyler Seguin 53 1 1 3
2 Charlie Coyle Ryan Donato Aliaksei Protas 47 1 1 3
PowerPlay Defense
Defense Defense Time % Phy DF OF
1 Radko Gudas Johnathan Kovacevic 50 1 1 3
2 Brayden McNabb Jared Spurgeon 50 1 1 3
Penalty Kill 4 Players Forward
Center Wing Time % Phy DF OF
1 Erik Haula Tyler Seguin 50 1 3 1
2 Mason McTavish Aliaksei Protas 50 1 3 1
Penalty Kill 4 Players Defense
Defense Defense Time % Phy DF OF
1 Radko Gudas Johnathan Kovacevic 55 1 3 1
2 Brayden McNabb Jared Spurgeon 45 1 3 1
Penalty Kill - 3 Players Forward
Forward Time % Phy DF OF
1 Erik Haula 60 1 3 1
2 Tyler Seguin 40 1 3 1
Penalty Kill - 3 Players Defense
Defense Defense Time % Phy DF OF
1 Radko Gudas Johnathan Kovacevic 50 1 3 1
2 Brayden McNabb Jared Spurgeon 50 1 3 1
4 vs 4 Forward
Center Wing Time % Phy DF OF
1 Charlie Coyle Tyler Seguin 50 1 1 3
2 Ryan Donato Aliaksei Protas 50 1 1 3
4 vs 4 Defense
Defense Defense Time % Phy DF OF
1 Radko Gudas Johnathan Kovacevic 50 1 3 1
2 Brayden McNabb Jared Spurgeon 50 1 3 1
Last Minutes Offensive
Center Left Wing Right Wing Defense Defense
Charlie Coyle Ryan Donato Tyler Seguin Radko Gudas Johnathan Kovacevic
Last Minutes Defensive
Center Left Wing Right Wing Defense Defense
Charlie Coyle Ryan Donato Tyler Seguin Radko Gudas Johnathan Kovacevic
Goaltenders
Starting : Elvis Merzlikins
Backup : Tristan Jarry
Extra Forwards
Normal : Mason McTavish, Tyler Bertuzzi, Erik Haula - PP : Mason McTavish, Tyler Bertuzzi - PK : Erik Haula
Extra Defensemen
Normal : Anthony DeAngelo, Radko Gudas, Brayden McNabb - PP : Anthony DeAngelo - PK : Johnathan Kovacevic, Brayden McNabb
Penalty Shots
Charlie Coyle, Tyler Seguin, Ryan Donato, Aliaksei Protas, Kiefer Sherwood
Scratches
Matt Dumba (Healthy)
% Time on Ice - Quebec Nordiques
Lines # - Real PCT - Wanted PCT - Time Play
Normal Forward
1 - 31% - 32% - 16:59
2 - 28% - 30% - 15:36
3 - 26% - 28% - 14:20
4 - 15% - 10% - 8:01
Normal Defense
1 - 36% - 36% - 19:54
2 - 34% - 34% - 18:31
3 - 26% - 25% - 14:04
4 - 4% - 5% - 2:27
PP Forward
1 - 57% - 60% - 1:09
2 - 43% - 40% - 0:52
PP Defense
1 - 70% - 60% - 1:25
2 - 30% - 40% - 0:36
PK Forward
1 - 87% - 60% - 1:44
2 - 13% - 40% - 0:15
PK Defense
1 - 62% - 60% - 1:14
2 - 38% - 40% - 0:45
PK3 Forward
1 - 0% - 60%
2 - 0% - 40%
PK3 Defense
1 - 0% - 60%
2 - 0% - 40%
44 Forward
1 - 0% - 60%
2 - 0% - 40%
44 Defense
1 - 0% - 60%
2 - 0% - 40%
Last Minute Offensive - 0:00
Last Minute Defensive - 1:04
Total
Forward - 60:00
Defense - 60:00
|
% Time on Ice - Arizona Coyotes
Lines # - Real PCT - Wanted PCT - Time Play
Normal Forward
1 - 31% - 34% - 16:54
2 - 26% - 28% - 14:01
3 - 23% - 25% - 12:23
4 - 21% - 13% - 11:37
Normal Defense
1 - 33% - 43% - 18:11
2 - 41% - 37% - 22:21
3 - 26% - 20% - 14:23
4 - 0% - 0% - 0:00
PP Forward
1 - 62% - 53% - 1:14
2 - 38% - 47% - 0:45
PP Defense
1 - 33% - 50% - 0:39
2 - 67% - 50% - 1:20
PK Forward
1 - 54% - 50% - 1:05
2 - 46% - 50% - 0:56
PK Defense
1 - 90% - 55% - 1:49
2 - 10% - 45% - 0:12
PK3 Forward
1 - 0% - 60%
2 - 0% - 40%
PK3 Defense
1 - 0% - 50%
2 - 0% - 50%
44 Forward
1 - 0% - 50%
2 - 0% - 50%
44 Defense
1 - 0% - 50%
2 - 0% - 50%
Last Minute Offensive - 1:05
Last Minute Defensive - 0:00
Total
Forward - 60:00
Defense - 60:00
|
Play-by-Play
1st period
0:01 of 1st period - Tyler Seguin wins face-off versus Connor McDavid in neutral zone.
0:14 of 1st period - Snap shot by Connor McDavid.
0:14 of 1st period - Deflect By Matt Duchene.
0:14 of 1st period - Shot Blocked by Johnathan Kovacevic.
0:14 of 1st period - Puck is out of play.
0:15 of 1st period - Charlie Coyle wins face-off versus Steven Stamkos in Arizona Coyotes zone.
0:28 of 1st period - Wrist shot by Charlie Coyle.
0:28 of 1st period - Stopped by Joseph Woll with a rebound.
0:56 of 1st period - Wrist shot by Steven Stamkos.
0:56 of 1st period - Shot Misses the Net.
1:42 of 1st period - Wrist shot by Kiefer Sherwood.
1:42 of 1st period - Stopped by Joseph Woll without a rebound.
1:43 of 1st period - Marco Rossi wins face-off versus Aliaksei Protas in Quebec Nordiques zone.
1:54 of 1st period - Wrist shot by Matthew Knies.
1:54 of 1st period - Shot Misses the Net.
2:23 of 1st period - Johnathan Kovacevic is hit by Matt Duchene and loses puck.
3:17 of 1st period - Jani Hakanpaa is hit by Thomas Harley and loses puck.
3:28 of 1st period - Jani Hakanpaa is hit by Michael McCarron and loses puck.
3:29 of 1st period - Jani Hakanpaa from Arizona Coyotes is injured at 3:29 of 1st period (Sprained Left Finger).
3:30 of 1st period - Marco Rossi wins face-off versus Mason McTavish in Arizona Coyotes zone.
3:43 of 1st period - Slapshot by Mats Zuccarello.
3:43 of 1st period - Shot Misses the Net.
3:45 of 1st period - Wrist shot by Mats Zuccarello.
3:45 of 1st period - Stopped by Joseph Woll with a rebound.
3:55 of 1st period - Marco Rossi is hit by Radko Gudas and loses puck.
4:37 of 1st period - Wrist shot by Matthew Knies.
4:37 of 1st period - Shot Blocked by Radko Gudas.
5:17 of 1st period - Snap shot by Marco Rossi.
5:17 of 1st period - Shot Misses the Net.
5:19 of 1st period - Snap shot by Jake Middleton.
5:19 of 1st period - Deflect By Marco Rossi.
5:19 of 1st period - Shot Blocked by Radko Gudas.
5:19 of 1st period - Puck is out of play.
5:20 of 1st period - Mason McTavish wins face-off versus Connor McDavid in Arizona Coyotes zone.
5:52 of 1st period - Icing by Kiefer Sherwood.
5:53 of 1st period - Steven Stamkos wins face-off versus Charlie Coyle in Arizona Coyotes zone.
5:56 of 1st period - Wrist shot by Patrick Kane.
5:56 of 1st period - Shot Blocked by Brayden McNabb.
6:41 of 1st period - Thomas Harley is hit by Radko Gudas and loses puck.
6:52 of 1st period - Mason McTavish is hit by Thomas Harley and loses puck.
7:07 of 1st period - Brock Faber is hit by Charlie Coyle and loses puck.
7:27 of 1st period - Wrist shot by Steven Stamkos.
7:27 of 1st period - Shot Misses the Net.
7:33 of 1st period - Snap shot by Steven Stamkos.
7:33 of 1st period - Stopped by Elvis Merzlikins with a rebound.
7:35 of 1st period - Snap shot by Patrick Kane.
7:35 of 1st period - Stopped by Elvis Merzlikins with a rebound.
7:37 of 1st period - Snap shot by Jake Middleton.
7:37 of 1st period - Deflect By Rickard Rakell.
7:37 of 1st period - Shot Misses the Net.
7:37 of 1st period - Puck is out of play.
7:38 of 1st period - Aliaksei Protas wins face-off versus Connor McDavid in Arizona Coyotes zone.
7:45 of 1st period - Wrist shot by Ryan Donato.
7:45 of 1st period - Shot Misses the Net.
7:56 of 1st period - Alex DeBrincat is hit by Ryan Donato and loses puck.
8:51 of 1st period - Slapshot by Steven Stamkos.
8:51 of 1st period - Stopped by Elvis Merzlikins with a rebound.
9:09 of 1st period - Anthony DeAngelo is hit by Matt Duchene and loses puck.
9:21 of 1st period - Icing by Radko Gudas.
9:22 of 1st period - Shane Pinto wins face-off versus Aliaksei Protas in Arizona Coyotes zone.
9:23 of 1st period - Snap shot by Frederick Gaudreau.
9:23 of 1st period - Shot Blocked by Radko Gudas.
9:28 of 1st period - Off-side.
9:29 of 1st period - Marco Rossi wins face-off versus Mason McTavish in neutral zone.
9:38 of 1st period - Wrist shot by Matthew Knies.
9:38 of 1st period - Shot Misses the Net.
10:17 of 1st period - Wrist shot by Aliaksei Protas.
10:17 of 1st period - Shot Blocked by Thomas Harley.
10:44 of 1st period - Slapshot by Aliaksei Protas.
10:44 of 1st period - Stopped by Joseph Woll with a rebound.
10:46 of 1st period - Snap shot by Aliaksei Protas.
10:46 of 1st period - Goal by Aliaksei Protas - Quebec Nordiques : 0 - Arizona Coyotes : 1.
10:47 of 1st period - Mason McTavish wins face-off versus Steven Stamkos in neutral zone.
11:02 of 1st period - Snap shot by Mats Zuccarello.
11:02 of 1st period - Goal by Mats Zuccarello - Quebec Nordiques : 0 - Arizona Coyotes : 2.
11:03 of 1st period - Rickard Rakell wins face-off versus Mason McTavish in neutral zone.
11:33 of 1st period - Charlie Coyle is hit by Connor McDavid and loses puck.
12:15 of 1st period - Mason McTavish is hit by Marco Rossi and loses puck.
12:36 of 1st period - Snap shot by Steven Stamkos.
12:36 of 1st period - Stopped by Elvis Merzlikins without a rebound.
12:37 of 1st period - Aliaksei Protas wins face-off versus Steven Stamkos in Arizona Coyotes zone.
12:37 of 1st period - Aliaksei Protas is hit by Rickard Rakell.
12:57 of 1st period - Snap shot by Aliaksei Protas.
12:57 of 1st period - Stopped by Joseph Woll with a rebound.
12:59 of 1st period - Slapshot by Ross Colton.
12:59 of 1st period - Stopped by Joseph Woll with a rebound.
13:27 of 1st period - Snap shot by Ryan Donato.
13:27 of 1st period - Stopped by Joseph Woll without a rebound.
13:28 of 1st period - Mason McTavish wins face-off versus Marco Rossi in Quebec Nordiques zone.
13:37 of 1st period - Wrist shot by Mats Zuccarello.
13:37 of 1st period - Stopped by Joseph Woll without a rebound.
13:38 of 1st period - Mason McTavish wins face-off versus Marco Rossi in Quebec Nordiques zone.
13:55 of 1st period - Johnathan Kovacevic is hit by Brock Faber and loses puck.
14:02 of 1st period - Alex Vlasic is hit by Tyler Seguin and loses puck.
14:13 of 1st period - Wrist shot by Tyler Seguin.
14:13 of 1st period - Stopped by Joseph Woll with a rebound.
14:15 of 1st period - Slapshot by Johnathan Kovacevic.
14:15 of 1st period - Stopped by Joseph Woll with a rebound.
14:17 of 1st period - Slapshot by Radko Gudas.
14:17 of 1st period - Stopped by Joseph Woll with a rebound.
14:19 of 1st period - Backhand shot by Mats Zuccarello.
14:19 of 1st period - Stopped by Joseph Woll with a rebound.
14:21 of 1st period - Slapshot by Johnathan Kovacevic.
14:21 of 1st period - Deflect By Mats Zuccarello.
14:21 of 1st period - Shot Misses the Net.
14:21 of 1st period - Puck is out of play.
14:22 of 1st period - Charlie Coyle wins face-off versus Matt Duchene in Quebec Nordiques zone.
14:54 of 1st period - Slapshot by Patrick Kane.
14:54 of 1st period - Stopped by Elvis Merzlikins with a rebound.
14:56 of 1st period - Slapshot by Jake Middleton.
14:56 of 1st period - Shot Blocked by Brayden McNabb.
14:58 of 1st period - Wrist shot by Rickard Rakell.
14:58 of 1st period - Stopped by Elvis Merzlikins with a rebound.
15:00 of 1st period - Slapshot by Jake Middleton.
15:00 of 1st period - Shot Blocked by Jared Spurgeon.
15:02 of 1st period - Slapshot by Alexandre Carrier.
15:02 of 1st period - Deflect By Steven Stamkos.
15:02 of 1st period - Shot Blocked by Brayden McNabb.
15:02 of 1st period - Puck is out of play.
15:03 of 1st period - Connor McDavid wins face-off versus Mason McTavish in Arizona Coyotes zone.
15:06 of 1st period - Wrist shot by Matt Duchene.
15:06 of 1st period - Stopped by Elvis Merzlikins with a rebound.
15:12 of 1st period - Slapshot by Tyler Seguin.
15:12 of 1st period - Deflect By Mats Zuccarello.
15:12 of 1st period - Stopped by Joseph Woll with a rebound.
15:18 of 1st period - Wrist shot by Mats Zuccarello.
15:18 of 1st period - Stopped by Joseph Woll with a rebound.
15:35 of 1st period - Snap shot by Connor McDavid.
15:35 of 1st period - Stopped by Elvis Merzlikins with a rebound.
15:41 of 1st period - Thomas Harley is hit by Erik Haula and loses puck.
16:22 of 1st period - Snap shot by Connor McDavid.
16:22 of 1st period - Shot Misses the Net.
16:38 of 1st period - Thomas Harley is hit by Charlie Coyle.
17:31 of 1st period - Snap shot by Steven Stamkos.
17:31 of 1st period - Shot Misses the Net.
17:33 of 1st period - Wrist shot by Steven Stamkos.
17:33 of 1st period - Stopped by Elvis Merzlikins without a rebound.
17:34 of 1st period - Mason McTavish wins face-off versus Shane Pinto in Arizona Coyotes zone.
17:47 of 1st period - Wrist shot by Tyler Seguin.
17:47 of 1st period - Stopped by Joseph Woll without a rebound.
17:48 of 1st period - Nikolaj Ehlers wins face-off versus Charlie Coyle in Quebec Nordiques zone.
17:58 of 1st period - Off-side.
17:59 of 1st period - Charlie Coyle wins face-off versus Steven Stamkos in neutral zone.
18:30 of 1st period - Off-side.
18:31 of 1st period - Marco Rossi wins face-off versus Mason McTavish in neutral zone.
18:34 of 1st period - Wrist shot by Matthew Knies.
18:34 of 1st period - Deflect By Mats Zuccarello.
18:34 of 1st period - Stopped by Elvis Merzlikins with a rebound.
19:02 of 1st period - Off-side.
19:03 of 1st period - Shane Pinto wins face-off versus Charlie Coyle in neutral zone.
19:28 of 1st period - Mason McTavish is hit by Brock Faber.
19:54 of 1st period - Alexandre Carrier is hit by Brock McGinn and loses puck.
19:59 of 1st period - Snap shot by Ondrej Palat.
19:59 of 1st period - Shot Blocked by Alexandre Carrier.
Goals for this period are 0 for Quebec Nordiques vs 2 for Arizona Coyotes.
Shots for this period are 10 for Quebec Nordiques vs 17 for Arizona Coyotes.
2nd period
0:01 of 2nd period - Mason McTavish wins face-off versus Steven Stamkos in neutral zone.
1:12 of 2nd period - Erik Haula is hit by Shane Pinto.
1:18 of 2nd period - Slapshot by Brock McGinn.
1:18 of 2nd period - Shot Misses the Net.
1:28 of 2nd period - Alexandre Carrier is hit by Mason McTavish and loses puck.
1:40 of 2nd period - Icing by Mats Zuccarello.
1:41 of 2nd period - Marco Rossi wins face-off versus Mason McTavish in Arizona Coyotes zone.
1:42 of 2nd period - Slapshot by Matthew Knies.
1:42 of 2nd period - Shot Blocked by Mats Zuccarello.
2:08 of 2nd period - Mason McTavish is hit by Alex DeBrincat and loses puck.
2:17 of 2nd period - Snap shot by Mats Zuccarello.
2:17 of 2nd period - Shot Misses the Net.
2:19 of 2nd period - Snap shot by Mats Zuccarello.
2:19 of 2nd period - Shot Blocked by Matt Duchene.
2:44 of 2nd period - Wrist shot by Connor McDavid.
2:44 of 2nd period - Shot Misses the Net.
2:54 of 2nd period - Snap shot by Mats Zuccarello.
2:54 of 2nd period - Stopped by Joseph Woll with a rebound.
2:56 of 2nd period - Snap shot by Brayden McNabb.
2:56 of 2nd period - Deflect By Matt Duchene.
2:56 of 2nd period - Stopped by Joseph Woll without a rebound.
2:57 of 2nd period - Steven Stamkos wins face-off versus Charlie Coyle in Quebec Nordiques zone.
3:06 of 2nd period - Wrist shot by Steven Stamkos.
3:06 of 2nd period - Stopped by Elvis Merzlikins with a rebound.
3:08 of 2nd period - Slapshot by Jake Middleton.
3:08 of 2nd period - Stopped by Elvis Merzlikins without a rebound.
3:09 of 2nd period - Marco Rossi wins face-off versus Charlie Coyle in Arizona Coyotes zone.
3:10 of 2nd period - Slapshot by Matthew Knies.
3:10 of 2nd period - Shot Misses the Net.
3:23 of 2nd period - Wrist shot by Matthew Knies.
3:23 of 2nd period - Stopped by Elvis Merzlikins with a rebound.
3:44 of 2nd period - Snap shot by Brock McGinn.
3:44 of 2nd period - Deflect By Erik Haula.
3:44 of 2nd period - Stopped by Joseph Woll with a rebound.
4:10 of 2nd period - Wrist shot by Erik Haula.
4:10 of 2nd period - Stopped by Joseph Woll with a rebound.
4:12 of 2nd period - Slapshot by Radko Gudas.
4:12 of 2nd period - Shot Blocked by Alex Vlasic.
4:14 of 2nd period - Wrist shot by Erik Haula.
4:14 of 2nd period - Shot Misses the Net.
4:39 of 2nd period - Icing by Radko Gudas.
4:40 of 2nd period - Erik Haula wins face-off versus Matthew Knies in Arizona Coyotes zone.
5:10 of 2nd period - Jared Spurgeon is hit by Connor McDavid and loses puck.
5:11 of 2nd period - Jared Spurgeon from Arizona Coyotes is injured at 5:11 of 2nd period (Right Knee).
5:12 of 2nd period - Charlie Coyle wins face-off versus Marco Rossi in Arizona Coyotes zone.
5:45 of 2nd period - Thomas Harley is hit by Brayden McNabb and loses puck.
6:58 of 2nd period - Tyler Seguin is hit by Shane Pinto and loses puck.
7:49 of 2nd period - Charlie Coyle is hit by Matthew Knies and loses puck.
7:56 of 2nd period - Backhand shot by Nikolaj Ehlers.
7:56 of 2nd period - Stopped by Elvis Merzlikins with a rebound.
8:10 of 2nd period - Jake Middleton is hit by Radko Gudas and loses puck.
8:29 of 2nd period - Snap shot by Frederick Gaudreau.
8:29 of 2nd period - Stopped by Elvis Merzlikins with a rebound.
9:02 of 2nd period - Off-side.
9:03 of 2nd period - Charlie Coyle wins face-off versus Marco Rossi in neutral zone.
9:33 of 2nd period - Aliaksei Protas is hit by Thomas Harley and loses puck.
9:48 of 2nd period - Connor McDavid is hit by Ryan Donato and loses puck.
10:21 of 2nd period - Slapshot by Connor McDavid.
10:21 of 2nd period - Shot Misses the Net.
10:37 of 2nd period - Wrist shot by Connor McDavid.
10:37 of 2nd period - Shot Misses the Net.
10:39 of 2nd period - Slapshot by Alex DeBrincat.
10:39 of 2nd period - Deflect By Connor McDavid.
10:39 of 2nd period - Shot Blocked by Charlie Coyle.
10:39 of 2nd period - Puck is out of play.
10:40 of 2nd period - Steven Stamkos wins face-off versus Erik Haula in Arizona Coyotes zone.
13:33 of 2nd period - Ondrej Palat is hit by Matthew Knies.
14:03 of 2nd period - Tyler Seguin is hit by Jake Middleton and loses puck.
14:27 of 2nd period - Charlie Coyle is hit by Frederick Gaudreau and loses puck.
14:34 of 2nd period - Charlie Coyle is hit by Shane Pinto and loses puck.
15:53 of 2nd period - Aliaksei Protas is hit by Michael McCarron and loses puck.
16:06 of 2nd period - Mats Zuccarello is hit by Steven Stamkos and loses puck.
16:27 of 2nd period - Mason McTavish is hit by Michael McCarron and loses puck.
17:22 of 2nd period - Radko Gudas is hit by Matthew Knies and loses puck.
18:14 of 2nd period - Tyler Seguin is hit by Alexandre Carrier and loses puck.
18:59 of 2nd period - Slapshot by Shane Pinto.
18:59 of 2nd period - Shot Misses the Net.
19:01 of 2nd period - Slapshot by Shane Pinto.
19:01 of 2nd period - Shot Blocked by Anthony DeAngelo.
19:05 of 2nd period - Snap shot by Michael McCarron.
19:05 of 2nd period - Shot Misses the Net.
19:12 of 2nd period - Icing by Anthony DeAngelo.
19:13 of 2nd period - Steven Stamkos wins face-off versus Kiefer Sherwood in Arizona Coyotes zone.
19:16 of 2nd period - Snap shot by Steven Stamkos.
19:16 of 2nd period - Stopped by Elvis Merzlikins with a rebound.
19:47 of 2nd period - Snap shot by Patrick Kane.
19:47 of 2nd period - Deflect By Anthony DeAngelo.
19:47 of 2nd period - Shot Misses the Net.
19:47 of 2nd period - Puck is out of play.
19:48 of 2nd period - Mason McTavish wins face-off versus Marco Rossi in Arizona Coyotes zone.
Goals for this period are 0 for Quebec Nordiques vs 0 for Arizona Coyotes.
Shots for this period are 6 for Quebec Nordiques vs 4 for Arizona Coyotes.
3rd period
0:01 of 3rd period - Mason McTavish wins face-off versus Connor McDavid in neutral zone.
0:04 of 3rd period - Alex DeBrincat is hit by Radko Gudas and loses puck.
0:34 of 3rd period - Snap shot by Matthew Knies.
0:34 of 3rd period - Shot Misses the Net.
0:36 of 3rd period - Snap shot by Nikolaj Ehlers.
0:36 of 3rd period - Shot Blocked by Anthony DeAngelo.
1:58 of 3rd period - Wrist shot by Charlie Coyle.
1:58 of 3rd period - Shot Misses the Net.
2:00 of 3rd period - Slapshot by Anthony DeAngelo.
2:00 of 3rd period - Shot Blocked by Thomas Harley.
2:12 of 3rd period - Slapshot by Steven Stamkos.
2:12 of 3rd period - Stopped by Elvis Merzlikins without a rebound.
2:13 of 3rd period - Aliaksei Protas wins face-off versus Rickard Rakell in Arizona Coyotes zone.
2:57 of 3rd period - Minor Penalty to Radko Gudas for Holding.
2:58 of 3rd period - Matt Duchene wins face-off versus Erik Haula in Arizona Coyotes zone.
2:59 of 3rd period - Wrist shot by Alex DeBrincat.
2:59 of 3rd period - Goal by Alex DeBrincat - Quebec Nordiques : 1 - Arizona Coyotes : 2.
3:00 of 3rd period - Mason McTavish wins face-off versus Marco Rossi in neutral zone.
3:07 of 3rd period - Wrist shot by Mats Zuccarello.
3:07 of 3rd period - Stopped by Joseph Woll without a rebound.
3:08 of 3rd period - Nikolaj Ehlers wins face-off versus Mason McTavish in Quebec Nordiques zone.
3:21 of 3rd period - Snap shot by Marco Rossi.
3:21 of 3rd period - Shot Misses the Net.
3:23 of 3rd period - Snap shot by Nikolaj Ehlers.
3:23 of 3rd period - Quebec Nordiques goal is going for a video replay.
3:23 of 3rd period - The goal is good.
3:23 of 3rd period - Goal by Nikolaj Ehlers - Quebec Nordiques : 2 - Arizona Coyotes : 2.
3:24 of 3rd period - Steven Stamkos wins face-off versus Charlie Coyle in neutral zone.
3:33 of 3rd period - Snap shot by Brock Faber.
3:33 of 3rd period - Stopped by Elvis Merzlikins with a rebound.
3:35 of 3rd period - Snap shot by Patrick Kane.
3:35 of 3rd period - Shot Blocked by Johnathan Kovacevic.
3:37 of 3rd period - Snap shot by Patrick Kane.
3:37 of 3rd period - Shot Misses the Net.
3:39 of 3rd period - Slapshot by Patrick Kane.
3:39 of 3rd period - Shot Misses the Net.
3:41 of 3rd period - Slapshot by Steven Stamkos.
3:41 of 3rd period - Stopped by Elvis Merzlikins with a rebound.
3:47 of 3rd period - Minor Penalty to Radko Gudas for Hooking.
3:48 of 3rd period - Mason McTavish wins face-off versus Matt Duchene in Arizona Coyotes zone.
3:57 of 3rd period - Snap shot by Thomas Harley.
3:57 of 3rd period - Shot Blocked by Johnathan Kovacevic.
4:01 of 3rd period - Wrist shot by Alex DeBrincat.
4:01 of 3rd period - Shot Misses the Net.
5:47 of 3rd period - Penalty to Radko Gudas is over, Radko Gudas is back on ice.
5:57 of 3rd period - Slapshot by Kiefer Sherwood.
5:57 of 3rd period - Stopped by Joseph Woll without a rebound.
5:58 of 3rd period - Shane Pinto wins face-off versus Charlie Coyle in Quebec Nordiques zone.
6:13 of 3rd period - Snap shot by Kiefer Sherwood.
6:13 of 3rd period - Stopped by Joseph Woll with a rebound.
6:23 of 3rd period - Matthew Knies is hit by Brock McGinn and loses puck.
6:32 of 3rd period - Marco Rossi is hit by Ondrej Palat and loses puck.
7:00 of 3rd period - Brock Faber is hit by Brayden McNabb and loses puck.
7:40 of 3rd period - Rickard Rakell is hit by Tyler Seguin and loses puck.
8:51 of 3rd period - Icing by Jake Middleton.
8:52 of 3rd period - Marco Rossi wins face-off versus Mason McTavish in Quebec Nordiques zone.
9:00 of 3rd period - Icing by Radko Gudas.
9:01 of 3rd period - Tyler Seguin wins face-off versus Connor McDavid in Arizona Coyotes zone.
9:01 of 3rd period - Tyler Seguin is hit by Matt Duchene.
9:16 of 3rd period - Snap shot by Connor McDavid.
9:16 of 3rd period - Shot Hit the Post.
9:18 of 3rd period - Slapshot by Alex DeBrincat.
9:18 of 3rd period - Shot Blocked by Brayden McNabb.
9:27 of 3rd period - Off-side.
9:28 of 3rd period - Charlie Coyle wins face-off versus Steven Stamkos in neutral zone.
9:35 of 3rd period - Snap shot by Kiefer Sherwood.
9:35 of 3rd period - Stopped by Joseph Woll with a rebound.
9:37 of 3rd period - Slapshot by Radko Gudas.
9:37 of 3rd period - Shot Misses the Net.
9:39 of 3rd period - Wrist shot by Tyler Bertuzzi.
9:39 of 3rd period - Shot Blocked by Thomas Harley.
9:41 of 3rd period - Wrist shot by Kiefer Sherwood.
9:41 of 3rd period - Stopped by Joseph Woll with a rebound.
10:23 of 3rd period - Snap shot by Ross Colton.
10:23 of 3rd period - Shot Misses the Net.
10:25 of 3rd period - Slapshot by Radko Gudas.
10:25 of 3rd period - Shot Blocked by Alex Vlasic.
10:59 of 3rd period - Snap shot by Erik Haula.
10:59 of 3rd period - Stopped by Joseph Woll with a rebound.
11:16 of 3rd period - Icing by Michael Anderson.
11:17 of 3rd period - Connor McDavid wins face-off versus Mason McTavish in Quebec Nordiques zone.
11:32 of 3rd period - Snap shot by Mason McTavish.
11:32 of 3rd period - Stopped by Joseph Woll without a rebound.
11:33 of 3rd period - Aliaksei Protas wins face-off versus Marco Rossi in Quebec Nordiques zone.
12:04 of 3rd period - Snap shot by Alex DeBrincat.
12:04 of 3rd period - Goal by Alex DeBrincat - Quebec Nordiques : 3 - Arizona Coyotes : 2.
12:05 of 3rd period - Connor McDavid wins face-off versus Mason McTavish in neutral zone.
12:52 of 3rd period - Minor Penalty to Marco Rossi for High sticking.
12:53 of 3rd period - Mason McTavish wins face-off versus Shane Pinto in Quebec Nordiques zone.
13:35 of 3rd period - Snap shot by Tyler Seguin.
13:35 of 3rd period - Stopped by Joseph Woll with a rebound.
13:37 of 3rd period - Slapshot by Mats Zuccarello.
13:37 of 3rd period - Stopped by Joseph Woll without a rebound.
13:38 of 3rd period - Shane Pinto wins face-off versus Charlie Coyle in Quebec Nordiques zone.
14:52 of 3rd period - Penalty to Marco Rossi is over, Marco Rossi is back on ice.
15:09 of 3rd period - Wrist shot by Matt Duchene.
15:09 of 3rd period - Stopped by Elvis Merzlikins with a rebound.
15:11 of 3rd period - Snap shot by Brock Faber.
15:11 of 3rd period - Stopped by Elvis Merzlikins with a rebound.
15:13 of 3rd period - Snap shot by Matthew Knies.
15:13 of 3rd period - Stopped by Elvis Merzlikins without a rebound.
15:14 of 3rd period - Charlie Coyle wins face-off versus Steven Stamkos in Arizona Coyotes zone.
16:41 of 3rd period - Slapshot by Anthony DeAngelo.
16:41 of 3rd period - Deflect By Kiefer Sherwood.
16:41 of 3rd period - Shot Misses the Net.
16:41 of 3rd period - Puck is out of play.
16:42 of 3rd period - Steven Stamkos wins face-off versus Charlie Coyle in Quebec Nordiques zone.
17:07 of 3rd period - Slapshot by Aliaksei Protas.
17:07 of 3rd period - Stopped by Joseph Woll without a rebound.
17:08 of 3rd period - Mason McTavish wins face-off versus Connor McDavid in Quebec Nordiques zone.
17:09 of 3rd period - Snap shot by Mats Zuccarello.
17:09 of 3rd period - Shot Misses the Net.
17:11 of 3rd period - Slapshot by Radko Gudas.
17:11 of 3rd period - Stopped by Joseph Woll without a rebound.
17:12 of 3rd period - Mason McTavish wins face-off versus Connor McDavid in Quebec Nordiques zone.
17:15 of 3rd period - Wrist shot by Mason McTavish.
17:15 of 3rd period - Shot Misses the Net.
17:17 of 3rd period - Wrist shot by Tyler Seguin.
17:17 of 3rd period - Stopped by Joseph Woll without a rebound.
17:18 of 3rd period - Mason McTavish wins face-off versus Connor McDavid in Quebec Nordiques zone.
17:37 of 3rd period - Wrist shot by Tyler Seguin.
17:37 of 3rd period - Stopped by Joseph Woll without a rebound.
17:38 of 3rd period - Aliaksei Protas wins face-off versus Nikolaj Ehlers in Quebec Nordiques zone.
18:03 of 3rd period - Thomas Harley is hit by Kiefer Sherwood.
18:16 of 3rd period - Snap shot by Charlie Coyle.
18:16 of 3rd period - Shot Misses the Net.
18:30 of 3rd period - Arizona Coyotes, Elvis Merzlikins is pulled from the net.
18:36 of 3rd period - Wrist shot by Mason McTavish.
18:36 of 3rd period - Deflect By Alex DeBrincat.
18:36 of 3rd period - Stopped by Joseph Woll with a rebound.
18:46 of 3rd period - Anthony DeAngelo is hit by Brock Faber and loses puck.
19:09 of 3rd period - Wrist shot by Charlie Coyle.
19:09 of 3rd period - Shot Blocked by Alex Vlasic.
19:11 of 3rd period - Snap shot by Ryan Donato.
19:11 of 3rd period - Shot Misses the Net.
19:13 of 3rd period - Wrist shot by Radko Gudas.
19:13 of 3rd period - Stopped by Joseph Woll without a rebound.
19:14 of 3rd period - Rod Brind'Amour call a timeout for Arizona Coyotes.
19:14 of 3rd period - Shane Pinto wins face-off versus Ryan Donato in Quebec Nordiques zone.
19:33 of 3rd period - Snap shot by Ryan Donato.
19:33 of 3rd period - Stopped by Joseph Woll with a rebound.
19:41 of 3rd period - Slapshot by Tyler Seguin.
19:41 of 3rd period - Stopped by Joseph Woll with a rebound.
19:43 of 3rd period - Snap shot by Radko Gudas.
19:43 of 3rd period - Shot Misses the Net.
19:45 of 3rd period - Wrist shot by Ryan Donato.
19:45 of 3rd period - Shot Blocked by Michael Anderson.
19:47 of 3rd period - Snap shot by Tyler Seguin.
19:47 of 3rd period - Stopped by Joseph Woll without a rebound.
19:48 of 3rd period - Shane Pinto wins face-off versus Charlie Coyle in Quebec Nordiques zone.
Goals for this period are 3 for Quebec Nordiques vs 0 for Arizona Coyotes.
Shots for this period are 9 for Quebec Nordiques vs 18 for Arizona Coyotes.
Back to the Top